Workbook

Sheet Jan Exps
A6: Global Gateway
A7: January Expenditures
A8: Department | B8: Supplies | C8: Equipment | D8: Total
A9: Production | B9: 25425 | C9: 135500 | D9: =C9+B9 -> 160925
A10: Technical Support | B10: 14500 | C10: 65000 | D10: =C10+B10 -> 79500
A11: Finance | B11: 5790 | C11: 22000 | D11: =C11+B11 -> 27790
A12: Sales and Marketing | B12: 35425 | C12: 8525 | D12: =C12+B12 -> 43950
A13: Facilities | B13: 6000 | C13: 1200 | D13: =C13+B13 -> 7200
A14: Total | B14: =SUM(B9:B13) -> 87140 | C14: =SUM(C9:C13) -> 232225 | D14: =SUM(D9:D13) -> 319365

Sheet Feb Exps
A6: Global Gateway
A7: February Expenditures
A8: Department | B8: Supplies | C8: Equipment | D8: Total
A9: Production | B9: 38550 | C9: 88500 | D9: =C9+B9 -> 127050
A10: Technical Support | B10: 14500 | C10: 44250 | D10: =C10+B10 -> 58750
A11: Finance | B11: 7500 | C11: 22000 | D11: =C11+B11 -> 29500
A12: Sales and Marketing | B12: 35425 | C12: 8525 | D12: =C12+B12 -> 43950
A13: Facilities | B13: 6000 | C13: 1200 | D13: =C13+B13 -> 7200
A14: Total | B14: =SUM(B9:B13) -> 101975 | C14: =SUM(C9:C13) -> 164475 | D14: =SUM(D9:D13) -> 266450

Sheet Mar Exps
A6: Global Gateway
A7: March Expenditures
A8: Department | B8: Supplies | C8: Equipment | D8: Total
A9: Production | B9: 65000 | C9: 150000 | D9: =C9+B9 -> 215000
A10: Technical Support | B10: 21750 | C10: 43525 | D10: =C10+B10 -> 65275
A11: Finance | B11: 5790 | C11: 22000 | D11: =C11+B11 -> 27790
A12: Sales and Marketing | B12: 35425 | C12: 8525 | D12: =C12+B12 -> 43950
A13: Facilities | B13: 6000 | C13: 18450 | D13: =C13+B13 -> 24450
A14: Total | B14: =SUM(B9:B13) -> 133965 | C14: =SUM(C9:C13) -> 242500 | D14: =SUM(D9:D13) -> 376465

Sheet Qtr Summary
A6: Global Gateway
A7: January-March Expenditures
A8: Department | B8: Supplies | C8: Equipment | D8: Total
A9: Production | B9: ='Jan Exps'!B9+'Feb Exps'!B9+'Mar Exps'!B9 -> 128975 | C9: ='Jan Exps'!C9+'Feb Exps'!C9+'Mar Exps'!C9 -> 374000 | D9: =C9+B9 -> 502975
A10: Technical Support | B10: ='Jan Exps'!B10+'Feb Exps'!B10+'Mar Exps'!B10 -> 50750 | C10: ='Jan Exps'!C10+'Feb Exps'!C10+'Mar Exps'!C10 -> 152775 | D10: =C10+B10 -> 203525
A11: Finance | B11: ='Jan Exps'!B11+'Feb Exps'!B11+'Mar Exps'!B11 -> 19080 | C11: ='Jan Exps'!C11+'Feb Exps'!C11+'Mar Exps'!C11 -> 66000 | D11: =C11+B11 -> 85080
A12: Sales and Marketing | B12: ='Jan Exps'!B12+'Feb Exps'!B12+'Mar Exps'!B12 -> 106275 | C12: ='Jan Exps'!C12+'Feb Exps'!C12+'Mar Exps'!C12 -> 25575 | D12: =C12+B12 -> 131850
A13: Facilities | B13: ='Jan Exps'!B13+'Feb Exps'!B13+'Mar Exps'!B13 -> 18000 | C13: ='Jan Exps'!C13+'Feb Exps'!C13+'Mar Exps'!C13 -> 20850 | D13: =C13+B13 -> 38850
A14: Total | B14: =SUM(B9:B13) -> 323080 | C14: =SUM(C9:C13) -> 639200 | D14: =SUM(D9:D13) -> 962280

Sheet My Vacation
D1: Documentation
D2: Name:
D3: Date completed:
D4: Travel websites used: | G4: epedia.com
G5: https://www.orbitz.com/
A10: I will go to paris for Vacation
A11: Estimated Vacation Expenses (CND) | B11: =B33 -> 4248
A12: Trip Dates: | B12: December 12 to December 19, 2020
A13: Item | B13: Estimated Cost (CDN dollars; all taxes, etc.) | C13: Use this column to describe the item. For example, name of airline, name of hotel, name of car rental agency or tour, etc.
A14: Airfare | B14: 854 | C14: Air France Flight timing :6:45pm - 8:15am
A15: Hotel | B15: =149*7 -> 1043 | C15: Hotel Magda Champs Elysées Stay for 7 Days
A16: Food | B16: =161+500 -> 661 | C16: Dine or Lunch Hotel Magda Champs Elysées Buffet and other hotels meals, KFC and Pizza's
A17: Cost of Taxis G7 | B17: =21*2 -> 42 | C17: Eifel tower Visit on Rent a car
A18: Rent of Tour Taxis G7 | B18: =(25*2)+30 -> 80 | C18: Louvre Art Museum Visit on Taxi and Entry Fee & Pick and drop and Museum Fees
A19: Uber service and Admission fees | B19: =122+111 -> 233 | C19: Tour of Disney Land Fees and Uber Fee
A20: Pick and Drop Through Taxi of Taxis G7 | B20: =(58*2)+(20*1.45) -> 145 | C20: Tour of Palace Of Versailles on Taxi
A21: Taxis G7 Pick and Drop | B21: =20*2 -> 40 | C21: Tour Musee D’Orsay Visist on Taxi
A22: Buying French Candy Souvenirs,Angelina Bottled Hot Chocolate Souvenir,Crepe mix from Briezh café | B22: 250 | C22: Buying Souvenirs, doing shopping of other items.
A25: Cost per day: | B25: 250
A32: Return Airfare | B32: 900
A33: Total Costs of Trip | B33: =B32+SUM(B14:B22) -> 4248
